 Dungeon Crawl Stone Soup version 0.20-a0-471-g521e6c5 (webtiles) character file.

10697 Infinimo the Carver (level 11, -10/81 HPs)
             Began as a Demonspawn Gladiator on Jan 14, 2017.
             Was a High Priest of Okawaru.
             Mangled by a shadow (28 damage)
             ... on level 11 of the Dungeon.
             The game lasted 00:26:59 (13493 turns).

Infinimo the Carver (Demonspawn Gladiator)         Turns: 13493, Time: 00:26:59

Health: -10/81     AC: 15    Str: 19    XL:     11   Next: 39%
Magic:  11/11      EV: 12    Int:  9    God:    Okawaru [*****.]
Gold:   512        SH:  0    Dex: 14    Spells: 10/10 levels left

rFire  + . .     SeeInvis .     a - +1 long sword
rCold  . . .     Gourm    .     K - +3 troll leather armour
rNeg   . . .     Faith    .     (no shield)
rPois  .         Spirit   .     c - +0 helmet
rElec  .         Reflect  .     v - +0 cloak
rCorr  +         Harm     .     D - +2 pair of gloves
MR     .....                    (no boots)
Stlth  +.........               n - amulet of magic regeneration
                                (no ring)
                                J - ring of resist corrosion

@: no status effects
A: hooves 1, icy blue scales 1, fire resistance 1, powered by death 2, flame
cloud immunity
a: Heroism, Finesse, Renounce Religion


You were on level 11 of the Dungeon.
You worshipped Okawaru.
Okawaru was extremely pleased with you.
You were very hungry.

You visited 2 branches of the dungeon, and saw 12 of its levels.
You also visited: Labyrinth.

You collected 890 gold pieces.
You spent 378 gold pieces at shops.

Inventory:

Hand Weapons
 a - a +1 long sword (weapon)
 z - a +0 war axe
Missiles
 d - 3 throwing nets (quivered)
Armour
 c - a +0 helmet (worn)
 v - a +0 cloak (worn)
 y - a +0 buckler
 D - a +2 pair of gloves (worn)
 K - a +3 troll leather armour (worn)
Magical Staves
 N - an uncursed staff of conjuration {unknown}
Jewellery
 n - an amulet of magic regeneration (around neck)
 J - a ring of resist corrosion (left hand)
Wands
 i - a wand of iceblast (0/15)
 I - a wand of confusion (33/48)
 M - a wand of flame (27/48)
Scrolls
 j - 2 scrolls of identify
 l - 5 scrolls of immolation
 m - 3 scrolls of enchant weapon
 o - 3 scrolls of fear
 s - a scroll of remove curse
 w - a scroll of amnesia
 A - a scroll of blinking
 B - a scroll of brand weapon
Potions
 b - a potion of magic
 e - a potion of cancellation
 h - 2 potions of brilliance
 k - a potion of curing
 p - 2 potions of mutation
 t - 5 potions of agility
 u - 2 potions of degeneration
 E - a potion of berserk rage
 G - a potion of haste
Books
 r - a book of Misfortune

   Spells                             Type                      Level
   a - Confusing Touch                Hexes                        1
   b - Confuse                        Hexes                        3
   c - Gell's Gravitas                Hexes/Translocation          3
   d - Petrify                        Transmutation/Earth          4
   e - Metabolic Englaciation         Hexes/Ice                    5
   f - Yara's Violent Unravelling     Hexes/Transmutation          5
 x - Sif Muna's Papyrus of the Fetching Blaze
   (You found it in a labyrinth)

   Spells                             Type                      Level
   a - Conjure Flame                  Conjuration/Fire             3
   b - Confuse                        Hexes                        3
Comestibles
 f - 6 bread rations
 g - 7 meat rations
 q - a royal jelly
 C - a slice of pizza
 F - 7 fruits


   Skills:
 - Level 6.0 Fighting
 + Level 14.1 Long Blades
 - Level 1.7 Throwing
 - Level 6.1 Armour
 - Level 2.6 Dodging


You had 10 spell levels left.
You didn't know any spells.

Dungeon Overview and Level Annotations

Branches:
Dungeon (11/15)            Temple (1/1) D:6            Lair (0/6) D:11
    Orc: D:9-12

Altars:
Ashenzari
Cheibriados
Dithmenos
Elyvilon
Fedhas
Gozag
Hepliaklqana
Kikubaaqudgha
Makhleb
Nemelex Xobeh
Okawaru
Qazlal
Ru
Sif Muna
Trog
Uskayaw
Vehumet
Xom
Yredelemnul
Zin
The Shining One

Shops:
D:5 *   D:6 *   D:8 *   D:9 }

Annotations:
D:11 Urug


Innate Abilities, Weirdness & Mutations

You have large cloven feet.
You are partially covered in icy blue scales. (AC +2)
Your flesh is heat resistant. (rF+)
You regenerate health from kills.
You are immune to clouds of flame.


Message History

The killer bee stings you.
* * * LOW HITPOINT WARNING * * *
You are poisoned.
The killer bee poisons you! The five-headed hydra bites you!
* * * LOW HITPOINT WARNING * * *
The five-headed hydra bites you.
* * * LOW HITPOINT WARNING * * *
Unknown command.
You feel better.
You riposte.
The five-headed hydra bites you.
* * * LOW HITPOINT WARNING * * *
You feel better.
Your surroundings suddenly seem different.
An ogre comes into view. It is wielding a giant spiked club.
The ogre shouts!
A gargoyle and a shadow come into view.
The shadow slips into darkness.
The shadow flickers and vanishes!
Deactivating autopickup; reactivate with Ctrl-A.
The shadow strikes at you from the darkness!
You die...

###########
#.........# #####
#.........##* #....
#.........+.* #....
#.........#$* #....
#..9O.....#.### #....
#.........#.<.###...[
#...@.....###...'....
#.........# #####....
#######+### #....
*,,* ##### **,* *,*
*,* *#####
********+*******.....
*,,,,,,,,,,,*,,+.....


You could see a gargoyle and an ogre.

Vanquished Creatures
  A minotaur (Lab)
  A two-headed ogre (D:8)
  Pikel (D:6)
  A centaur skeleton (D:10)
  2 trolls
  Prince Ribbit (D:8)
  Grinder (D:3)
  9 hippogriffs
  6 yaks
  2 wyverns (D:8)
  A hungry ghost (D:10)
  Menkaure (D:6)
  2 water moccasins
  2 sky beasts
  3 ice beasts
  2 slaves (D:6)
  A black bear (D:8)
  2 phantoms
  An orc warrior (D:10)
  A necrophage (D:6)
  9 ogres
  4 centaurs
  A big kobold (D:7)
  5 bullfrogs
  A scorpion (D:9)
  9 killer bees
  6 howler monkeys
  2 crimson imps
  A bullfrog zombie (D:5)
  2 centaur zombies
  Crazy Yiuf (D:2)
  3 bullfrog skeletons
  2 jellies
  2 orc priests
  2 hounds (D:7)
  5 iguanas
  5 orc wizards
  7 worker ants
  3 hound zombies
  A hound skeleton (D:8)
  A worker ant zombie (D:8)
  3 gnolls (D:3)
  7 adders
  2 shadow imps
  An ooze (D:1)
  2 adder zombies
  2 worms
  2 leopard geckos
  36 orcs
  8 bats
  5 giant cockroaches
  4 goblins
  8 hobgoblins
  8 jackals
  22 kobolds
  4 quokkas
  6 frilled lizards
  A quokka skeleton (D:4)
  6 rats
240 creatures vanquished.

Vanquished Creatures (others)
  A water moccasin skeleton (D:6)
1 creature vanquished.

Grand Total: 241 creatures vanquished

Notes
Turn   | Place    | Note
-------+----------+-------------------------------------------
     0 | D:1      | Infinimo the Demonspawn Gladiator began the quest for the Orb.
     0 | D:1      | Reached XP level 1. HP: 16/16 MP: 1/1
    32 | D:1      | Reached skill level 3 in Long Blades
   103 | D:1      | Gained mutation: You have large cloven feet. [demonic ancestry]
   103 | D:1      | Reached XP level 2. HP: 19/22 MP: 2/2
   800 | D:1      | Gained mutation: You regenerate a little health from kills. [demonic ancestry]
   800 | D:1      | Reached XP level 3. HP: 19/27 MP: 3/3
  1160 | D:2      | Found a bloodstained altar of Trog.
  1202 | D:2      | Reached skill level 4 in Long Blades
  1220 | D:2      | Found a deep blue altar of Sif Muna.
  1269 | D:2      | Found a white marble altar of Elyvilon.
  1361 | D:2      | Found a runed door.
  1425 | D:2      | Found a hide-covered altar of Uskayaw.
  1717 | D:2      | Found a shattered altar of Ashenzari.
  1720 | D:2      | Found a shadowy altar of Dithmenos.
  1722 | D:2      | Found a sparkling altar of Nemelex Xobeh.
  1723 | D:2      | Found a basalt altar of Yredelemnul.
  1748 | D:2      | Gained mutation: Your flesh is heat resistant. (rF+) [demonic ancestry]
  1748 | D:2      | Reached XP level 4. HP: 19/33 MP: 4/4
  1920 | D:2      | Noticed Crazy Yiuf
  1930 | D:2      | Killed Crazy Yiuf
  2378 | D:3      | Reached skill level 5 in Long Blades
  2566 | D:3      | Reached XP level 5. HP: 38/38 MP: 5/5
  2620 | D:3      | Noticed Grinder
  2620 | D:3      | Paralysed by Grinder for 7 turns
  2632 | D:3      | Killed Grinder
  2632 | D:3      | Reached skill level 6 in Long Blades
  2632 | D:3      | Reached XP level 6. HP: 5/44 MP: 6/6
  3417 | D:4      | Found a blossoming altar of Fedhas.
  3606 | D:4      | Reached skill level 7 in Long Blades
  3742 | D:4      | Reached XP level 7. HP: 50/50 MP: 7/7
  4182 | D:5      | Entered Level 5 of the Dungeon
  4603 | D:5      | Reached skill level 8 in Long Blades
  5355 | D:5      | Found Tesuneiz's General Store.
  5364 | D:5      | Reached skill level 9 in Long Blades
  5364 | D:5      | Gained mutation: You are partially covered in icy blue scales. (AC +2) [demonic ancestry]
  5364 | D:5      | Reached XP level 8. HP: 49/56 MP: 8/8
  5368 | D:5      | Bought a scroll of brand weapon for 200 gold pieces
  6059 | D:6      | Found a staircase to the Ecumenical Temple.
  6129 | Temple   | Entered the Ecumenical Temple
  6188 | Temple   | Became a worshipper of Warmaster Okawaru
  6239 | D:6      | Reached skill level 5 in Fighting
  6787 | D:6      | Found Bailaoja's General Store.
  6795 | D:6      | Bought a scroll of identify for 24 gold pieces
  6795 | D:6      | Bought a scroll of identify for 24 gold pieces
  6937 | D:6      | Noticed Menkaure
  6961 | D:6      | Killed Menkaure
  6979 | D:6      | Noticed Pikel
  6990 | D:6      | Killed Pikel
  6990 | D:6      | Reached * piety under Okawaru
  6990 | D:6      | Reached ** piety under Okawaru
  6990 | D:6      | Gained mutation: You are immune to clouds of flame. [demonic ancestry]
  6990 | D:6      | Reached XP level 9. HP: 57/68 MP: 9/9
  7328 | D:7      | Reached skill level 5 in Armour
  8041 | D:8      | Reached skill level 10 in Long Blades
  8254 | D:8      | Reached *** piety under Okawaru
  8299 | D:8      | Found Aschoicu's General Store.
  8392 | D:8      | Reached XP level 10. HP: 10/76 MP: 10/10
  8713 | D:8      | Noticed a two-headed ogre
  8726 | D:8      | Killed a two-headed ogre
  8726 | D:8      | Reached skill level 11 in Long Blades
  9016 | D:8      | Noticed Prince Ribbit
  9028 | D:8      | Killed Prince Ribbit
  9028 | D:8      | Reached **** piety under Okawaru
  9328 | D:8      | Bought 2 potions of heal wounds for 130 gold pieces
  9691 | D:8      | Reached skill level 12 in Long Blades
  9819 | D:8      | HP: 2/76 [troll (6)]
 10453 | D:8      | Noticed a two-headed ogre
 11157 | D:9      | Found Nurono's Gadget Boutique.
 11242 | D:9      | Reached ***** piety under Okawaru
 11645 | D:10     | Entered Level 10 of the Dungeon
 11927 | D:10     | Reached skill level 13 in Long Blades
 12281 | D:10     | Gained mutation: You regenerate health from kills. [demonic ancestry]
 12281 | D:10     | Reached XP level 11. HP: 74/81 MP: 11/11
 12713 | D:11     | Found a frozen archway.
 12734 | D:11     | Found a labyrinth entrance.
 12738 | Lab      | Entered a labyrinth
 13398 | Lab      | Noticed a minotaur
 13413 | Lab      | Killed a minotaur
 13413 | Lab      | Reached skill level 14 in Long Blades
 13421 | Lab      | Identified Sif Muna's Papyrus of the Fetching Blaze
 13450 | D:11     | Noticed a five-headed hydra
 13487 | D:11     | Noticed Urug
 13487 | D:11     | HP: 4/81 [five-headed hydra (1)]
 13493 | D:11     | Mangled by a shadow

Vault maps used:
D:1:      scummos_arrival_simple_crosswalls, serial_curves, eino_curves_03,
          eino_curves_01, minmay_misc_feat_chi
D:2:      grunt_temple_overflow_open, overflow_temple_1_default,
          lemuel_doored_altar, minmay_hexomino_f4, uniq_crazy_yiuf_cottage
D:3:      uniq_grinder
D:4:      first_bread, serial_park_tiny_2, fedhas_altar_2
D:5:      serial_shops, nicolae_shop_crystal, grunt_ministairs_6
D:6:      serial_shops, nicolae_shop_competitors_out_of_business, st_stairs_10,
          minmay_unpleasant_kobolds, uniq_pikel, uniq_menkaure
D:8:      serial_shops, nicolae_shop_waterfront, uniq_prince_ribbit1
D:9:      serial_shops, shop, nicolae_straight_to_the_point
D:11:     david_lair_shrubbed, portal_ice_cave_entry_ice_beasts,
          lab_entry_generic, lightli_elemental_guards, uniq_urug
Temple:   cyrus_circular_temple
Lab:      labyrinth_skeletal_remains

Skill      XL: |  1  2  3  4  5  6  7  8  9 10 11 |
---------------+----------------------------------+-----
Long Blades    | 3 4 5 6 7 9 10 13 14 | 14.1
Fighting       | 6 |  6.0
Armour         | 4 6 |  6.1
Throwing       | |  1.7
Dodging        | |  2.6

Action                   |  1- 3 |  4- 6 |  7- 9 | 10-12 || total
-------------------------+-------+-------+-------+-------++-------
Melee: Long sword        |   104 |   103 |   407 |   450 ||  1064
       Kick              |    24 |    33 |   137 |   188 ||   382
Evoke: Wand              |       |       |     1 |     1 ||     2
  Use: Scroll            |       |     9 |     8 |    14 ||    31
       Potion            |       |     1 |     7 |    10 ||    18
 Stab: Sleeping          |     1 |       |       |       ||     1
  Eat: Chunk             |     3 |     4 |     9 |    15 ||    31
       Beef jerky        |       |     1 |     1 |       ||     2
       Meat ration       |       |       |     1 |       ||     1
       Pizza             |       |       |       |     2 ||     2
Armor: Leather armour    |    38 |    15 |    60 |       ||   113
       Ring mail         |       |       |    93 |   117 ||   210
       Troll leather arm |       |       |       |   141 ||   141
Dodge: Dodged            |    83 |    64 |   267 |   332 ||   746
       Rpst.: Long sword |    21 |    22 |    62 |    77 ||   182
